Cogmind - Beta 16 @@@ ROGUE MODE // 2025.11.24 @ 20:18:09 Player: obl-vn Result: Destroyed by Y-72 Warden with Railgun Performance ------------- Evolutions (6) 3000 Regions Visited (9) 1800 Robots Destroyed (89) 445 Value Destroyed (3537) 3537 Prototype IDs (17) 340 Alien Tech Used (0) 0 Bonus (475) 475 TOTAL SCORE: 9597 Bonus ------- High Alert Combat Kills 175 Registered with UFD 300 Cogmind --------- Core Integrity 0/1150 Matter 294/300 Energy 96/100 System Corruption 34% Temperature Cool (9) Movement Treading (160) Location -4/Armory Parts ------- > --- POWER (2) -------- (None) > --- PROPULSION (5) --- Advanced Heavy Siege Treads > --- UTILITY (9) ------ (None) > --- WEAPON (3) ------- (None) > --- INVENTORY (5) ---- Insulated Plating Peak State ------------ > --- POWER ------------ Micro Fission Core Micro Fission Core > --- PROPULSION ------- Cooled Gravmag System Cooled Gravmag System Cooled Gravmag System Cooled Gravmag System Cooled Gravmag System > --- UTILITY ---------- Advanced Power Amplifier Large Storage Unit Spectral Analyzer Advanced Terrain Scan Processor Advanced Targeting Computer Advanced Reaction Control System Hacking Suite Advanced Hacking Suite > --- WEAPON ----------- Smartbomb Launcher Great Maul > --- INVENTORY -------- Cooled Gravmag System Cooled Gravmag System Cooled Gravmag System Cooled Gravmag System Compact Matter Pod Smartbomb Launcher Smartbomb Launcher Smartbomb Launcher Smartbomb Launcher Improved Plasma Cutter [Rating: 110] Favorites ----------- Power Ion Engine Engine Ion Engine Power Core Micro Fission Core Reactor Particle Reactor Propulsion Cooled Gravmag System Treads Light Treads Leg Flexi-carbon Leg Wheel Subdweller Monowheel Hover Unit Cooled Gravmag System Utility Large Storage Unit Device Seismic Detector Storage Large Storage Unit Processor Spectral Analyzer Hackware Advanced Hacking Suite Protection Hardened Light Armor Plating Weapon Improved Assault Rifle Energy Gun Backup Laser III Energy Cannon Compact HERF Cannon Ballistic Gun Improved Assault Rifle Ballistic Cannon Slug Cannon Launcher Smartbomb Launcher Special Weapon Enhanced Flamer Impact Weapon Great Maul Build | -11 -10 -10 -7 -7 -5 -5 -5 -4 -4 ------- Run | Yrd Mat Sub Rec Scr Fac Upp Upp Fac Arm Slots Evolved 12 | . . . . . 10 . . 2 . Power 1 | . . . . . 1 . . . . Propulsion 3 | . . . . . 2 . . 1 . Utility 7 | . . . . . 6 . . 1 . Weapon 1 | . . . . . 1 . . . . Parts Attached 100 | 7 7 9 1 4 14 7 . 18 33 Power 10 | 1 . 2 . . 1 . . 2 4 Engine 3 | 1 . 2 . . . . . . . Core 5 | . . . . . 1 . . 2 2 Reactor 2 | . . . . . . . . . 2 Propulsion 33 | 2 1 2 1 2 4 4 . 5 12 Treads 16 | 2 1 . 1 2 . . . . 10 Leg 4 | . . . . . 4 . . . . Wheel 2 | . . 2 . . . . . . . Hover 11 | . . . . . . 4 . 5 2 Flight . | . . . . . . . . . . Utility 32 | 2 2 3 . . 6 2 . 7 10 Device 7 | 1 . . . . 2 . . 2 2 Storage 2 | 1 1 . . . . . . . . Processor 5 | . 1 . . . 2 1 . 1 . Hackware 7 | . . . . . . . . 3 4 Protection 11 | . . 3 . . 2 1 . 1 4 Artifact . | . . . . . . . . . . Weapon 25 | 2 4 2 . 2 3 1 . 4 7 Energy Gun 6 | 1 . . . . 2 . . . 3 Energy Cannon 1 | . . . . . . . . . 1 Ballistic Gun 7 | 1 3 1 . 1 1 . . . . Ballistic Cannon 2 | . . 1 . 1 . . . . . Launcher 5 | . . . . . . . . 3 2 Special Weapon 1 | . . . . . . . . 1 . Impact Weapon 3 | . 1 . . . . 1 . . 1 Slashing Weapon . | . . . . . . . . . . Piercing Weapon . | . . . . . . . . . . Special Melee Weapon . | . . . . . . . . . . Unidentified Prototypes 5 | . 1 . . . 1 2 . . 1 Corrupted Parts 1 | . . . . . . . . . 1 System Corruption 1 | . . . . . . . . . 1 Parts Lost 51 | . . 4 . . 8 . . 11 28 Power 8 | . . . . . 1 . . 1 6 Propulsion 8 | . . 2 . . 1 . . 1 4 Utility 20 | . . . . . 2 . . 6 12 Weapon 15 | . . 2 . . 4 . . 3 6 Highest Loss Streak 7 | . . 1 . . 7 . . 4 7 To Critical Strikes 1 | . . . . . 1 . . . . Average Backups 11 | . 9 11 11 13 11 15 15 11 7 Power . | . . . . . . . . . . Propulsion . | . . . . . 2 4 4 1 1 Utility 5 | . 4 6 6 7 3 4 5 3 1 Weapon 4 | . 4 4 4 5 2 3 3 3 3 Tool/Special . | . . . . . . . . . . Unused Backups 22 | . 3 2 2 2 . . . 6 7 Power . | . . . . . . . . . . Propulsion 5 | . . . . . . . . 1 4 Utility 6 | . 1 1 1 1 . . . 1 1 Weapon 7 | . 2 1 1 . . . . 2 1 Tool/Special 4 | . . . . 1 . . . 2 1 Average Slot Usage (%) 83 | . 98 99 100 84 79 67 70 72 63 Engine 9 | . 14 14 14 14 4 . . . . Core 1 | . . . . . 1 5 5 5 5 Treads 18 | . 28 17 14 27 7 . . . 13 Wheel 1 | . . 9 14 . . . . . . Hover 4 | . . . . . . 20 23 21 8 Device 2 | . 1 . . . 16 5 5 6 3 Storage 10 | . 14 14 14 14 5 5 5 5 4 Processor 5 | . 10 . . . 10 13 17 16 5 Hackware 1 | . . . . . . . . 6 7 Protection 8 | . . 13 14 14 4 5 5 4 3 Ballistic Gun 7 | . 25 18 14 . 6 . . . . Ballistic Cannon 6 | . . 8 14 12 4 . . . . Impact Weapon 1 | . 1 . . . . 5 5 5 2 Peak Build Rating 110 | 7 14 20 19 22 70 80 72 110 109 Average Rating 36 | 4 11 17 18 17 52 69 72 81 81 On Entrance 36 | . 7 14 16 19 20 56 72 72 88 Avg Prop Armor Cover (%) 10 | . . 7 7 13 . . . . 20 Naked Turns 5 | . . . . . . . . . 5 Heaviest Build 57 | 15 36 40 40 43 54 44 44 49 57 Greatest Support 195 | 40 40 40 22 42 80 60 64 80 195 Greatest Overweight (x) 11 | . . 1 1 1 1 . . 11 7 Average Overweight (x) . | . . . 1 . . . . . . Largest Inventory Capacity 15 | 8 15 15 15 15 15 15 15 15 15 Average Capacity 14 | 6 13 15 15 15 15 15 15 15 13 Most Carried 15 | 5 15 15 15 15 15 15 15 15 15 Average Carried 13 | . 10 14 14 14 11 14 15 13 11 Final Capacity 15 | 8 15 15 15 15 15 15 15 15 5 Final Carried 15 | . 15 13 15 15 15 15 15 14 1 Scrap Suit Usage (%) 7 | . . . . . 95 . . . . Parts Cannibalized 5 | . . . . . 5 . . . . Class Distribution -------------------- 80% | Mutant 8% | Hacker-Mutant 7% | Gunner Dominant Class ---------------- Mutant | -10/Materials Mutant | -10/Subcaves Mutant | -7/Recycling Mutant | -7/Scraptown Gunner | -5/Factory Mutant | -5/Upper Caves Mutant | -5/Upper Caves Mutant | -4/Factory Mutant | -4/Armory Resources | -11 -10 -10 -7 -7 -5 -5 -5 -4 -4 ----------- Run | Yrd Mat Sub Rec Scr Fac Upp Upp Fac Arm Matter Collected 2939 | 202 605 363 147 56 407 174 . 211 774 Remotely . | . . . . . . . . . . Salvage Created 2973 | 11 785 288 . . 546 . . 303 1040 Parts 140 | 5 41 26 . . 18 . . 14 36 Haulers Intercepted 5 | . 2 . . . 2 . . 1 . Recyclers Shooed . | . . . . . . . . . . Parts Field Recycled . | . . . . . . . . . . Retrieved Matter . | . . . . . . . . . . Parts Self-Destructed 5 | . . 5 . . . . . . . Prevented . | . . . . . . . . . . Parts Restored . | . . . . . . . . . . Kills | -11 -10 -10 -7 -7 -5 -5 -5 -4 -4 ------- Run | Yrd Mat Sub Rec Scr Fac Upp Upp Fac Arm Combat Hostiles Destroyed 70 | . 14 10 . . 7 . . 12 27 Melee 6 | . . . . . . . . 2 4 Guns 29 | . 14 8 . . 3 . . . 4 Cannons 5 | . . 2 . . 1 . . 2 . AOE 21 | . . . . . 2 . . 6 13 Classes Destroyed 17 | 1 5 3 . . 3 1 . 1 3 Worker 1 | . 1 . . . . . . . . Builder 5 | . . . . . 2 . . 3 . Tunneler 2 | 1 . . . . . . . 1 . Hauler 5 | . 2 . . . 2 . . 1 . Minesweeper 1 | . . . . . . 1 . . . Operator 3 | . 3 . . . . . . . . Watcher 2 | . 2 . . . . . . . . Swarmer 21 | . . 4 . . . . . 9 8 Saboteur 1 | . . . . . . . . . 1 Grunt 23 | . 14 . . . 4 . . . 5 Brawler 4 | . . . . . . . . . 4 Sentry 2 | . . . . . . . . 1 1 Specialist 4 | . . . . . . . . . 4 Hunter 1 | . . . . . 1 . . . . Programmer 8 | . . . . . 2 . . 2 4 Cobbler 1 | . . 1 . . . . . . . Subdweller 6 | . . 6 . . . . . . . Best Kill Streak 7 | 1 3 2 . . 4 1 . 7 5 Combat Bots Only 5 | . 2 2 . . 2 . . 5 5 Max Kills in Single Turn 4 | 1 1 2 . . 3 1 . 4 3 Gunslinging 1 | . . 1 . . . . . . . Exploded 3 | . . . . . 2 . . 2 3 Melee 1 | . . . . . . . . 1 1 Uniques/NPCs Destroyed . | . . . . . . . . . . Combat | -11 -10 -10 -7 -7 -5 -5 -5 -4 -4 -------- Run | Yrd Mat Sub Rec Scr Fac Upp Upp Fac Arm Hostile Shots Fired 1076 | . 61 103 . . 160 . 5 195 552 Missed 348 | . 21 30 . . 46 . 1 85 165 Hits 728 | . 40 73 . . 114 . 4 110 387 Melee 8 | . . . . . . . . . 8 Projectile 720 | . 40 73 . . 114 . 4 110 379 Critical Strikes 30 | . 1 1 . . 8 . . 6 14 Actively Blocked 2 | . . . . . . . . . 2 Part Disruptions 9 | . . . . . 1 . . . 8 Damage Taken 12549 | . 502 1031 . . 2198 . 74 1946 6798 Core 1761 | . 123 97 . . 369 . 19 179 974 Absorbed by Shields . | . . . . . . . . . . Redirected to Shielding 52 | . . . . . . . . . 52 Regen/Repaired (Parts) 32 | . . . . . 32 . . . . Core Remaining (%) 57 | 100 . . . 12 . . 61 . . Volleys Fired 251 | 1 66 53 . . 51 . . 22 58 Largest 3 | 2 2 2 . . 3 . . 1 2 Hottest 118 | 70 70 63 . . 118 . . 80 94 Shots Fired 460 | 2 132 89 1 . 117 . . 22 97 Gun 372 | 2 132 71 1 . 80 . . . 86 Cannon 57 | . . 18 . . 37 . . . 2 Launcher 23 | . . . . . . . . 14 9 Special 8 | . . . . . . . . 8 . Kinetic 313 | 1 122 89 1 . 100 . . . . Thermal 111 | 1 10 . . . 6 . . 8 86 Explosive 23 | . . . . . . . . 14 9 Electromagnetic 13 | . . . . . 11 . . . 2 Robot Hit Streak 39 | 2 15 39 3 . 13 . . 11 29 Robot Miss Streak 6 | . 4 2 . . 6 . . . 2 Penetration Max . | . . . . . . . . . . Secondary Targets 3 | . 1 2 . . . . . . . Max Gunslinging Chain 1 | . 1 1 . . . . . . . Shots Hit Robots 364 | 2 92 74 1 . 66 1 . 30 98 Core Hits 167 | 1 35 19 . . 26 . . 23 63 Critical Kills 2 | . . 1 . . 1 . . . . Critical Parts Destroyed 12 | . 1 1 . . . . . 5 5 Critical Strikes 15 | . 1 3 . . 1 . . 5 5 Destroy 5 | . 1 3 . . 1 . . . . Smash 10 | . . . . . . . . 5 5 Melee Attacks 113 | . 8 4 . . . 1 . 65 35 Impact 113 | . 8 4 . . . 1 . 65 35 Slashing . | . . . . . . . . . . Piercing . | . . . . . . . . . . Sneak Attacks 5 | . . . . . . 1 . 4 . Combat Hostiles . | . . . . . . . . . . Follow-up Attacks . | . . . . . . . . . . Damage Inflicted 11209 | 25 1305 748 18 . 1605 131 . 2817 4560 Guns 3814 | 25 1305 582 18 . 884 . . . 1000 Cannons 618 | . . 166 . . 380 . . . 72 Explosions 4264 | . . . . . 341 . . 1607 2316 Melee 2225 | . . . . . . 131 . 1111 983 Ramming 201 | . . . . . . . . 12 189 Kinetic 2950 | 12 1220 748 18 . 952 . . . . Thermal 1574 | 13 85 . . . 389 . . 87 1000 Explosive 3923 | . . . . . . . . 1607 2316 Electromagnetic 336 | . . . . . 264 . . . 72 Impact 2225 | . . . . . . 131 . 1111 983 Slashing . | . . . . . . . . . . Piercing . | . . . . . . . . . . Highest Corruption 34 | . 1 1 1 1 3 3 3 6 34 Average Corruption 4 | . 1 1 1 1 2 3 3 1 16 Corruption Purged . | . . . . . . . . . . Corruption Blocked . | . . . . . . . . . . Effects 87 | . 5 5 1 16 8 1 . . 51 Message Errors 17 | . . 1 . 6 1 1 . . 8 Matter Fused 25 | . 2 2 . 5 4 . . . 12 Heat Flow Errors 11 | . 1 . . 1 . . . . 9 Energy Discharges 8 | . 1 . . 2 . . . . 5 Data Loss (minor) 5 | . . . . 1 1 . . . 3 Data Loss (major) 7 | . 1 1 . 1 2 . . . 2 Misfires 4 | . . . 1 . . . . . 3 Alerts 1 | . . 1 . . . . . . . Misdirections 7 | . . . . . . . . . 7 Weapon Failures 2 | . . . . . . . . . 2 Overload Shots . | . . . . . . . . . . Overflow Damage 843 | . . . . . . 109 . 429 305 Projectiles . | . . . . . . . . . . Explosions 158 | . . . . . . . . 108 50 Melee 685 | . . . . . . 109 . 321 255 Knockbacks 11 | . . 1 . . 5 1 . 3 1 Impact 5 | . . . . . . 1 . 3 1 Kinetic 6 | . . 1 . . 5 . . . . Secondary . | . . . . . . . . . . Self-Inflicted Damage 282 | . . . . . 22 . . 6 254 Shots 5 | . . . . . 2 . . . 3 Rammed 18 | . . . . . . . . 1 17 Targets Rammed 18 | . . . . . . . . 1 17 Kicked . | . . . . . . . . . . Crushed . | . . . . . . . . . . Highest Temperature 264 | 9 210 3 . 154 263 . 7 20 264 Average Temperature 61 | 6 25 3 . 78 83 . 7 10 68 Received Heat Transfer 1642 | . 285 204 . . 216 . 39 111 787 Siege Activations . | . . . . . . . . . . Martial Activations . | . . . . . . . . . . Shielding Activations . | . . . . . . . . . . Robots Disrupted 1 | . . . . . 1 . . . . Combat Hostiles 1 | . . . . . 1 . . . . Robots Corrupted 8 | . . . . . 1 1 . 3 3 Combat Hostiles 6 | . . . . . 1 . . 2 3 Parts Fried 2 | . . . . . . . . . 2 Impact Corruptions 23 | . . . . . . 3 . 9 11 Robots Melted 3 | . . . . . . . . . 3 Combat Hostiles 3 | . . . . . . . . . 3 Parts Melted 10 | . . . . . . . . . 10 Heat Transferred 4022 | 37 259 . . . 385 . . 640 2701 Parts Sabotaged 4 | . . . . . . . . . 4 Parts Stolen . | . . . . . . . . . . Parts Stripped . | . . . . . . . . . . Power Chain Reactions 1 | . . . . . 1 . . . . Alert | -11 -10 -10 -7 -7 -5 -5 -5 -4 -4 ------- Run | Yrd Mat Sub Rec Scr Fac Upp Upp Fac Arm Maximum Alert Level 2 | . . . . . 1 . . 2 2 Low Security (%) 75 | 100 100 . 100 . 97 . . 86 8 Level 1 16 | . . . . . 2 . . 8 60 Level 2 8 | . . . . . . . . 4 31 Level 3 . | . . . . . . . . . . Level 4 . | . . . . . . . . . . Level 5 . | . . . . . . . . . . High Security . | . . . . . . . . . . Max Security . | . . . . . . . . . . Peak Influence 500 | 5 118 . 46 . 208 . . 460 500 Initial 225 | . . . 46 . . . . . 225 Average 117 | . 48 . 9 . 71 . . 68 330 Influence Increases 3017 | 5 496 125 . . 439 20 . 959 973 Destroy 0b10 Robot/C 1280 | . 280 80 . . 140 . . 240 540 Destroy 0b10 Robot/NC 95 | 5 40 . . . 20 5 . 25 . Destroy Leader 244 | . 78 . . . 34 . . 42 90 Trap Triggered on 0b10 10 | . 10 . . . . . . . . Successful Hack 41 | . 19 . . . . . . 12 10 Disable Machine 360 | . 15 . . . 120 . . 135 90 Destroy Structure 477 | . 9 . . . 80 . . 220 168 Partial Spotted 45 | . . . . . . . . 45 . Lose Combat Pursuer 465 | . 45 45 . . 45 15 . 240 75 Influence Decreases 2563 | 5 422 102 97 . 352 107 . 499 979 Entered New Map 355 | . . 36 51 . . 33 . . 235 Time Decay 1568 | 5 422 56 46 . 272 74 . 229 464 Lost Part 480 | . . 10 . . 80 . . 110 280 Lost Ally 10 | . . . . . . . . 10 . Purge Threat 150 | . . . . . . . . 150 . Squads Dispatched 27 | . 6 . . . 3 . . 13 5 Investigation 8 | . 3 . . . . . . 5 . Extermination 6 | . . . . . 1 . . 3 2 Reinforcement 13 | . 3 . . . 2 . . 5 3 Assault . | . . . . . . . . . . Garrison . | . . . . . . . . . . Intercept . | . . . . . . . . . . Searches Triggered . | . . . . . . . . . . Construction Impeded . | . . . . . . . . . . Haulers Reinforced 4 | . . . . . 2 . . 2 . Active Scanning Responses . | . . . . . . . . . . Cargo Convoy Interrupts . | . . . . . . . . . . Stealth | -11 -10 -10 -7 -7 -5 -5 -5 -4 -4 --------- Run | Yrd Mat Sub Rec Scr Fac Upp Upp Fac Arm Distress Signals 6 | . 4 . . . 1 . . . 1 Communications Jammed 43 | . . . . . . . . . 43 Distress Signals 43 | . . . . . . . . . 43 Times Spotted 170 | . 27 15 . . 15 1 4 49 59 Peak Tracking Total 16 | . 3 4 . . 4 1 4 14 16 Tactical Retreats 19 | . 3 2 . . 3 1 . 6 4 Traps | -11 -10 -10 -7 -7 -5 -5 -5 -4 -4 ------- Run | Yrd Mat Sub Rec Scr Fac Upp Upp Fac Arm Traps Triggered 7 | . 2 . . . 1 . . 1 3 Indirectly . | . . . . . . . . . . Trap Hack Attempts . | . . . . . . . . . . Triggered . | . . . . . . . . . . Disarmed . | . . . . . . . . . . Reprogrammed 5 | . 5 . . . . . . . . Reused 1 | . 1 . . . . . . . . Traps Extracted . | . . . . . . . . . . Installed 3 | . . . . . . 3 . . . Triggered 1 | . 1 . . . . . . . . Machines | -11 -10 -10 -7 -7 -5 -5 -5 -4 -4 ---------- Run | Yrd Mat Sub Rec Scr Fac Upp Upp Fac Arm Machines Disabled 24 | . 1 . . . 8 . . 9 6 Max in Single Turn 4 | . 1 . . . 4 . . 3 2 Garrison Access 1 | . . . . . . . . 1 . Energy Cycler 1 | . . . . . . . . . 1 Machines Repaired . | . . . . . . . . . . Machines Dismantled . | . . . . . . . . . . Machines Sabotaged . | . . . . . . . . . . Overloaded Fab Kills . | . . . . . . . . . . Hacking | -11 -10 -10 -7 -7 -5 -5 -5 -4 -4 --------- Run | Yrd Mat Sub Rec Scr Fac Upp Upp Fac Arm Machines Accessed 22 | . 5 . 1 5 . . . 8 3 Terminals 9 | . 3 . 1 . . . . 4 1 Fabricators 3 | . . . . . . . . 2 1 Repair Stations 1 | . . . . . . . . . 1 Recycling Units 2 | . 2 . . . . . . . . Scanalyzers 1 | . . . . . . . . 1 . Garrison Access 1 | . . . . . . . . 1 . Total Hacks 79 | . 19 . 2 27 . . . 22 9 Successful 53 | . 8 . . 27 . . . 12 6 Failed 26 | . 11 . 2 . . . . 10 3 Catastrophic 5 | . 2 . . . . . . 1 2 Database Lockouts . | . . . . . . . . . . Manual 17 | . 6 . . . . . . 11 . Terminals 32 | . 15 . 2 . . . . 13 2 Fabricators 8 | . . . . . . . . 4 4 Repair Stations 3 | . . . . . . . . . 3 Recycling Units 4 | . 4 . . . . . . . . Scanalyzers 2 | . . . . . . . . 2 . Garrison Access 3 | . . . . . . . . 3 . Terminal Hacks 38 | . 6 . . 27 . . . 4 1 Record 26 | . . . . 26 . . . . . Part Schematic 1 | . . . . . . . . 1 . Branch Access Points 1 | . 1 . . . . . . . . Unreport Threat 1 | . . . . . . . . 1 . Locate Traps 2 | . 1 . . . . . . . 1 Reprogram Traps 1 | . 1 . . . . . . . . Transport Status 1 | . 1 . . . . . . . . Recall Extermination 1 | . . . . . . . . 1 . Zone Layout 3 | . 2 . . . . . . 1 . Proto ID Catalog 1 | . . . . 1 . . . . . Fabricator Hacks 8 | . . . . . . . . 4 4 Load Schematic 4 | . . . . . . . . 2 2 Build 4 | . . . . . . . . 2 2 Repair Station Hacks 1 | . . . . . . . . . 1 Refit 1 | . . . . . . . . . 1 Recycling Unit Hacks 1 | . 1 . . . . . . . . Retrieve Components 1 | . 1 . . . . . . . . Scanalyzer 2 | . . . . . . . . 2 . Insert Component 1 | . . . . . . . . 1 . Analyze 1 | . . . . . . . . 1 . Garrison Access Hacks 1 | . . . . . . . . 1 . Seal Access 1 | . . . . . . . . 1 . Unauthorized Hacks 2 | . 1 . . . . . . 1 . Terminals 2 | . 1 . . . . . . 1 . Assimilate 2 | . 1 . . . . . . 1 . Fabricators . | . . . . . . . . . . Repair Stations . | . . . . . . . . . . Recycling Units . | . . . . . . . . . . Scanalyzers . | . . . . . . . . . . Garrison Access . | . . . . . . . . . . Data Cores Recovered 1 | . 1 . . . . . . . . Used . | . . . . . . . . . . Hacking Detections 13 | . 3 . 1 . . . . 7 2 Full Trace Events 6 | . 1 . . . . . . 5 . Feedback Events 1 | . 1 . . . . . . . . Corruption 1 | . 1 . . . . . . . . Feedback Blocked . | . . . . . . . . . . Robot Schematics Acquired . | . . . . . . . . . . Robots Built . | . . . . . . . . . . Authchips . | . . . . . . . . . . Time . | . . . . . . . . . . Total Robot Build Rating . | . . . . . . . . . . Part Schematics Acquired 2 | . . . . . . . . 2 . Parts Built 4 | . . . . . . . . 2 2 Authchips 2 | . . . . . . . . . 2 Time 424 | . . . . . . . . 212 212 Total Part Build Rating 24 | . . . . . . . . 12 12 Part Studies Acquired . | . . . . . . . . . . Parts Repaired . | . . . . . . . . . . Time . | . . . . . . . . . . Parts Recycled . | . . . . . . . . . . Recycled Matter . | . . . . . . . . . . Retrieved Matter . | . . . . . . . . . . Retrieved Components 3 | . 3 . . . . . . . . Parts Scanalyzed 1 | . . . . . . . . 1 . Part Schematics Acquired 1 | . . . . . . . . 1 . Parts Damaged . | . . . . . . . . . . Bothacking | -11 -10 -10 -7 -7 -5 -5 -5 -4 -4 ------------ Run | Yrd Mat Sub Rec Scr Fac Upp Upp Fac Arm Used RIF Installer . | . . . . . . . . . . Robots Hacked . | . . . . . . . . . . Non-combat . | . . . . . . . . . . Combat . | . . . . . . . . . . Robot Hacks Applied . | . . . . . . . . . . Relay Couplers Released . | . . . . . . . . . . Fabnet Peak Effective % . | . . . . . . . . . . Robots Rewired . | . . . . . . . . . . Allies Hacked . | . . . . . . . . . . Hacks Repelled . | . . . . . . . . . . Allies | -11 -10 -10 -7 -7 -5 -5 -5 -4 -4 -------- Run | Yrd Mat Sub Rec Scr Fac Upp Upp Fac Arm Total Allies 1 | . . . . . . . . 1 . Largest Group 1 | . . . . . . . . 1 . Highest-Rated Group 10 | . . . . . . . . 10 . Highest-Rated Ally 10 | . . . . . . . . 10 . Total Orders 1 | . . . . . . . . 1 . STAY 1 | . . . . . . . . 1 . Ally Attacks . | . . . . . . . . . . Total Damage . | . . . . . . . . . . Kills . | . . . . . . . . . . Allies Corrupted . | . . . . . . . . . . Allies Melted . | . . . . . . . . . . Intel | -11 -10 -10 -7 -7 -5 -5 -5 -4 -4 ------- Run | Yrd Mat Sub Rec Scr Fac Upp Upp Fac Arm Active Infowar (turns) 4199 | 13 1376 53 . . 763 183 18 1251 542 Optics 2214 | . . . . . 762 183 18 1251 . Seismic 2243 | 13 120 . . . 763 183 18 1146 . T.N.C. 1309 | . 1256 53 . . . . . . . Jamming 542 | . . . . . . . . . 542 Robot Analysis Total . | . . . . . . . . . . Derelict Logs Recovered 1 | . . . . 1 . . . . . Drone Launches . | . . . . . . . . . . Drone Recoveries . | . . . . . . . . . . Exploration | -11 -10 -10 -7 -7 -5 -5 -5 -4 -4 ------------- Run | Yrd Mat Sub Rec Scr Fac Upp Upp Fac Arm Turns Passed 9746 | 68 1631 932 268 3435 777 183 18 1264 1170 Spaces Moved 6160 | 42 781 462 174 1850 303 424 54 1596 474 Core 26 | 14 . . . . . . . 2 10 Treads 3304 | 28 781 192 49 1831 166 . . . 257 Legs 141 | . . . . . 137 4 . . . Wheels 414 | . . 270 125 19 . . . . . Hover 2275 | . . . . . . 420 54 1594 207 Flight . | . . . . . . . . . . Fastest Speed 15 | 50 160 120 120 120 120 38 22 15 34 Average Speed 121 | 123 160 150 149 184 183 38 32 36 103 Slowest Speed 600 | 160 160 240 225 237 237 120 38 600 400 Overloaded Moves 169 | . . . . . . . 17 152 . Propulsion Burnouts . | . . . . . . . . . . Robots Hopped . | . . . . . . . . . . Potential Cave-ins . | . . . . . . . . . . Cave-ins Triggered . | . . . . . . . . . . Exploration Rate (%) 40 | 4 93 24 36 90 10 66 16 29 35 Regions Visited 9 Branch Regions 6 Pre-discovered Areas 1 | . . 1 . . . . . . . Known Exits Taken . | . . . . . . . . . . Unknown Exits Taken 9 | 1 1 1 1 1 1 1 1 1 . Scrap Searched 4 | . . . . 2 . 2 . . . Spaces Dug 45 | . 7 1 . . 1 . . 33 3 Terrain Destroyed 270 | . 7 3 . . 39 . . 108 113 Melee 43 | . 7 . . . . . . 33 3 Projectile 20 | . . 3 . . 17 . . . . AOE 207 | . . . . . 22 . . 75 110 Terrain Rammed . | . . . . . . . . . . Walls Destroyed . | . . . . . . . . . . Machines Disabled . | . . . . . . . . . . Actions | -11 -10 -10 -7 -7 -5 -5 -5 -4 -4 --------- Run | Yrd Mat Sub Rec Scr Fac Upp Upp Fac Arm Total 7794 | 56 1019 603 184 1877 451 439 53 2117 995 Wait 894 | . 111 58 . 5 67 . . 357 296 Move 6151 | 41 780 461 173 1849 302 423 53 1595 474 Hop . | . . . . . . . . . . Pick Up 103 | 7 22 6 6 7 13 . . 17 25 Fast Attach 22 | . . 1 . 1 . 2 . 7 11 Attach 77 | 7 6 4 1 3 14 1 . 13 28 Detach 21 | . 4 . . 1 2 3 . 5 6 Swap 38 | . 14 10 . 2 2 4 . 3 3 Drop 63 | . 8 6 4 9 . 2 . 19 15 Fire 251 | 1 66 53 . . 51 . . 22 58 Melee 113 | . 8 4 . . . 1 . 65 35 Ram 18 | . . . . . . . . 1 17 Kick . | . . . . . . . . . . Crush 1 | . . . . . . . . . 1 Escape Stasis 39 | . . . . . . . . 13 26 Rewire . | . . . . . . . . . . Trap 3 | . . . . . . 3 . . . Miscellaneous . | . . . . . . . . . . Route ------- -11/Scrapyard -10/Materials (discovered 4 exits: [*Mat x2] / *Min / [*Sub]) -10/Subcaves -7/Recycling -7/Scraptown (discovered 2 exits: [*Fac x2]) -5/Factory -5/Upper Caves -5/Upper Caves -4/Factory -4/Armory History --------- Turn | Location | Event 7 | -11/Scrapyard | Discovered new exit (range 15) 69 | -11/Scrapyard | Entered Materials 186 | -10/Materials | Discovered new exit (range 13) 305 | -10/Materials | Build established: Mutant 667 | -10/Materials | Identified exit to Mines 669 | -10/Materials | Derelicts attacked the area 975 | -10/Materials | Discovered new exit (range 16) 1628 | -10/Materials | Discovered new exit (range 8) 1700 | -10/Materials | Entered Subcaves 1732 | -10/Subcaves | Shifting Twisted Machinery released Mak. Light Armor Plating 1845 | -10/Subcaves | Shifting Twisted Machinery released Enh. Flamer 2000 | -10/Subcaves | Core integrity fell below 50% 2167 | -10/Subcaves | Ambushed by angry Subdweller bent on revenge 2381 | -10/Subcaves | Learned location of Zion (-7) 2381 | -10/Subcaves | Met a Zionite searching for "candidates" 2599 | -10/Subcaves | Discovered new exit (range 9) 2607 | -10/Subcaves | Core integrity fell below 20% 2632 | -10/Subcaves | Entered Recycling 2870 | -7/Recycling | Scanned before Scraplab entrance 2886 | -7/Recycling | Entered Scraplab 2896 | -7/Recycling | Discovered new exit (range 3) 2900 | -7/Recycling | Entered Scraptown 3227 | -7/Scraptown | Visited Red Mages 3278 | -7/Scraptown | Visited TADAMA 3308 | -7/Scraptown | Visited The Evicted 3330 | -7/Scraptown | Visited Symbiants 3354 | -7/Scraptown | Visited Cyclists 3610 | -7/Scraptown | Visited Scrapoid Research Area 3650 | -7/Scraptown | Visited Assassins FH 3701 | -7/Scraptown | Discovered new exit (range 5) 3862 | -7/Scraptown | Scanned Subdweller tech in exchange for log data 4079 | -7/Scraptown | Visited UFD Registry 4138 | -7/Scraptown | Registered with UFD as "Flakeater" 4186 | -7/Scraptown | Visited LU-1G1's Boring Crew 4211 | -7/Scraptown | Visited Science Guys 4340 | -7/Scraptown | Visited Infowarlord's Domain 4376 | -7/Scraptown | Visited Observation Area 4417 | -7/Scraptown | Visited Chapter 10 4472 | -7/Scraptown | Visited Curators Association 4579 | -7/Scraptown | Entered Cyclist Reading Room 4740 | -7/Scraptown | System corruption cleaned by C-Scrubber 5202 | -7/Scraptown | Visited Junk Repository 5353 | -7/Scraptown | Found Spectral Analyzer 5392 | -7/Scraptown | Visited Supply Room 5428 | -7/Scraptown | Visited Abandonware Association 5458 | -7/Scraptown | Learned abandonware demo "POISON.EXE" 5458 | -7/Scraptown | Learned abandonware demo "MELTYB.EXE" 5553 | -7/Scraptown | Delivered Scrap Shield to a Scientist 6191 | -7/Scraptown | Discovered new exit (range 5) 6293 | -7/Scraptown | Found Scrap Suit 6335 | -7/Scraptown | Entered Factory 6335 | -5/Factory | Evolved 10 slots: Power x1, Propulsion x2, Utility x6, Weapon x1 6637 | -5/Factory | Build established: Gunner 7035 | -5/Factory | Discovered new exit (range 22) 7112 | -5/Factory | Entered Upper Caves 7114 | -5/Upper Caves | UFD Scientist delivered a prototype 7117 | -5/Upper Caves | Found Prototype Protection 7117 | -5/Upper Caves | Identified Enh. Scrap Shield 7125 | -5/Upper Caves | Lost 7 parts (1p1n2u3w) 7156 | -5/Upper Caves | Attracted the attention of an 0b10 checkpoint 7206 | -5/Upper Caves | Encountered a Warlord checkpoint 7291 | -5/Upper Caves | Discovered new exit (range 9) 7295 | -5/Upper Caves | Entered another Upper Caves area 7309 | -5/Upper Caves | Discovered new exit (range 10) 7313 | -5/Upper Caves | Entered Factory 7313 | -4/Factory | Evolved 2 slots: Propulsion x1, Utility x1 7394 | -4/Factory | Build established: Mutant 7771 | -4/Factory | Fabricated Adv. Hacking Suite? 8094 | -4/Factory | Fabricated Adv. Hacking Suite (x1) 8176 | -4/Factory | Build established: Hacker-Mutant 8501 | -4/Factory | Lost 4 parts (1p1n1u1w) 8576 | -4/Factory | Discovered new exit (range 8) 8577 | -4/Factory | Entered Armory 8595 | -4/Armory | Lost 4 parts (4u) 8676 | -4/Armory | Energy Cycler disabled 8692 | -4/Armory | Lost 7 parts (2n3u2w) 8803 | -4/Armory | Build established: Mutant 8815 | -4/Armory | Fabricated Adv. Hacking Suite (x1) 8923 | -4/Armory | Fabricated Adv. Hacking Suite (x1) 9022 | -4/Armory | System corruption reached 10% 9200 | -4/Armory | Lost 3 parts (2p1u) 9334 | -4/Armory | Lost 3 parts (2u1w) 9424 | -4/Armory | Lost 4 parts (2p1u1w) 9532 | -4/Armory | Spotted B-86 Titan 9637 | -4/Armory | System corruption reached 30% 9663 | -4/Armory | Core integrity fell below 50% 9731 | -4/Armory | Released all parts (3) 9736 | -4/Armory | Core integrity fell below 20% 9747 | -4/Armory | Destroyed by Y-72 Warden with Railgun Last Messages --------------- 09727_ Enh. Armored Medium Treads destroyed. 09727_ Acquired Insulated Plating. 09727_ Slug penetrates Wall. 09727_ Critical hit (Burn: +37). 09728_ Acquired 16 matter. 09730_ Adv. Heavy Siege Treads destroyed. 09731_ Released Adv. Terrain Scan Processor. 09731_ Released Hvy. Mace. 09731_ Released Hvy. Siege Treads. 09735_ Penetrated by Slug. 09735_ Slug penetrates H-77 Assassin. 09735_ Slug penetrates Wall. 09736_ Penetrated by Slug. 09738_ Slammed into H-77 Assassin. 09739_ Penetrated by Slug. 09741_ Slug penetrates H-77 Assassin. 09742_ Penetrated by Slug. 09743_ Slug penetrates Door. 09743_ Penetrated by Slug. 09744_ 72#QYVIK2NZW73AOF4CFD,4UQ Map ----- +----------------------------------------------------+ | ???????????????????????????????????# !!! "" | | ???????????????????????????????????# | | ???????????????????????????????????# | | ???????????????????????????????????# % | | ???????????????????????????????????# | | ???????????????????????????????????# ######"" | | ???????????????????????????????????# #????? | | ???????????????????????????????????# #???? | | ???????????????????????????????????# #???? | | ???????????????????????????????????# #???? | | ???????????????????????????????????# #??? | | ???????????????????????????????????# #??? | | ???????????????????????????????????# #???"""# | | ???????????????????????????????????# ####""" | | ???????????????????????????????????# + | | ???????????????????????????????????# # | | ???????????????????????????????????# +? | | ??????????????????????????????????## #? | | ????????????????????????#++##?????# #? | | ???????????????????????? ?????# +? | | ???????????????????????? ??????# ############ | | ???????????????????????? ??????# #???? # | | ???????????????????????##;;##?????# ##### #? | | ???????????????????????# #?????# T #? | | ???????????????????????# ! !#?????# "" ??? | | ????????????????????????#@ #???#### # #? | | ?????????????????######## #???# # #?? #? | | ???????????+ g #??## #?????##? | | ???????????# #hY#??# = =[ #???????? | | ???????????# # h#??# / ##????##? | | ???????????# ]]] ?# #??# "#???! ? | | ???????????# ]]] ??# g#??# # #???!! | | ???????????? ]]] ???# ###### != = ##? !! | | ???????????? ???# w =%[%[/ # | | ????????????? ????# == / | | ????????????? ?????# ##/##/= #### ## """ | | ?????????????? ??????# # H%=%= ### #???""??? | | ?????????????? ??????# # % !%= # #???????? | | ???????????????? ???????# # *= ## #???????? | | ????????????????????????# + ## #???????? | | ????????????????????????# # ! ## #???????? | | ????????????????????????# ## ### #???????? | | ????????????????????????# ### #"" ##### ! | | ????????????????????????# ""% | | ????????????????????????# "T | | ????????????????#########+###### ###"###### | | ????????????????# ##+###???#??????? # | | ????????????????# ]]] # ?????????????? | | ????????????????# ]]] # ???????????? | | ????????????????# ]]] # ?????????? | +----------------------------------------------------+ Best States ------------- Heat Dissipation 57 Energy Generation 35 Energy Capacity 390 Matter Stores 300 Matter Capacity 300 Sight Range 24 Terrain Scan Density 210 Jamming Range 16 Power Amplification 30 Armor Coverage 950 Propulsion Shielding 33 Weapon Cycling 15 Evasion (%) 72 Targeting Accuracy 8 Recoil Reduction 5 Salvage Targeting 4 Offensive Hacking 42 Authchip Count 2 Item Schematics ----------------- Adv. Hacking Suite | -4/Factory | Hacked Smartbomb Launcher | -4/Factory | Scanalyzed Robot Schematics ------------------ None Fabricated ------------ Adv. Hacking Suite | x1 | -4/Factory Adv. Hacking Suite | x1 | -4/Factory Adv. Hacking Suite | x1 | -4/Armory | Authchip Adv. Hacking Suite | x1 | -4/Armory | Authchip Repaired ---------- Nothing Studied --------- None Alien Tech Used ----------------- None Achievements -------------- Art Critic Bob, First Of His Name Civilization 2243 Explosive Keycard Fancy Inventory Fist Fight Fitting Room Loot Taster Official Business Thread The Needle Around The Corner Challenges ------------ None Game ------ Seed ComponentFlightImmobilizer Manual? 0 Play Time 02:02:06 Cumulative 64.0 hours Start 2025.11.24 @ 16:59:22 End 2025.11.24 @ 20:18:09 Sessions 1 Manual Loads 0 Difficulty Rogue Special Mode None Game No. 49 Rogue 49 Adventurer 0 Explorer 0 Win Type - Total 1 Types 0/0/0/1/0/0/0/0/0/0 Lore% 24 Gallery% 37 Achievement% 31 Wizard Run 0 Options --------- Layout 1 ASCII 0 Keyboard 0 Movement Mouse Keybinds 0 Fullscreen 1 Font 32/SmallcapsGlow Map View 50x35 Zoom Use 0% Tactical HUD 1 Map Filters NONE Filters NONE Steam 1 RUN: f841e338-3f46-42d6-b008-fa1a49b8db3a